 Dungeon Sprint DCSS version 0.23.2-30-g0e89c35649 (webtiles) character file.

Game seed: 14093023434519927520

424 HASTUR3 the Transmogrifier (level 6, -2/38 HPs)
             Began as an Octopode Transmuter on June 19, 2019.
             Was a Follower of Sif Muna.
             Slain by a phantom (9 damage)
             ... in the Dungeon (Sprint IX: "|||||||||||||||||||||||||||||").
             The game lasted 00:02:39 (569 turns).

HASTUR3 the Transmogrifier (Octopode Transmuter)     Turns: 569, Time: 00:02:39

Health: -2/38      AC:  3    Str: 14    XL:     6   Next: 96%
Magic:  4/9        EV: 13    Int: 15    God:    Sif Muna [*.....]
Gold:   0          SH:  0    Dex: 13    Spells: 3/9 levels left

rFire    . . .     SeeInvis .     - Unarmed
rCold    . . .     Gourm    .   (shield currently unavailable)
rNeg     . . .     Faith    .   (helmet restricted)
rPois    .         Spirit   .   (no amulet)
rElec    .         Reflect  .   l - +2 ring of protection
rCorr    .         Harm     .   m - +3 ring of strength
MR       .....     NoTele   +   (no ring)
Stlth    ++........             (no ring)
HPRegen  0.12/turn              (no ring)
MPRegen  0.11/turn              (no ring)
                                (no ring)
                                (no ring)

@: blade tentacles (expiring)
A: almost no armour, stealthy swim, amphibious, 8 rings, constrict 8, camouflage
1, gelatinous body 1
a: End Transformation, Divine Energy, Renounce Religion


You were in the Dungeon.
You worshipped Sif Muna.
Sif Muna was aware of your devotion.
You were not hungry.
You had blades for tentacles.
You visited 1 branch

Inventory:

Missiles
 a - 12 arrows
Jewellery
 l - a +2 ring of protection (left scythe-like blade)
 m - a +3 ring of strength (right scythe-like blade)
Wands
 k - a wand of acid (10)
Scrolls
 h - 3 scrolls of remove curse
 i - 2 scrolls of blinking
 j - 2 scrolls of amnesia
Potions
 b - a potion of invisibility
 d - 5 potions of curing
 e - 3 potions of heal wounds
 f - a potion of haste
 g - 4 potions of magic
Comestibles
 c - a ration


   Skills:
 - Level 1.0 Fighting
 - Level 2.0 Dodging
 + Level 8.7 Unarmed Combat
 - Level 2.2 Spellcasting
 + Level 11.7 Transmutations


You had 3 spell levels left.
You knew the following spells:

 Your Spells              Type           Power        Failure   Level  Hunger
a - Beastly Appendage     Tmut           #####.       9%          1    #......
b - Blade Hands           Tmut           #####.....   32%         5    ######.

Your spell library contained the following spells:

 Spells                   Type           Power        Failure   Level  Hunger
 Sticks to Snakes         Tmut           #####...     10%         2    ###....
 Spider Form              Tmut/Pois      ###.......   36%         3    ###....
 Ice Form                 Ice/Tmut       ###.....     61%         4    #####..


Dungeon Overview and Level Annotations

Branches:
Dungeon (1/1)

Altars:
Cheibriados
Dithmenos
Elyvilon
Fedhas
Gozag
Hepliaklqana
Kikubaaqudgha
Makhleb
Nemelex Xobeh
Okawaru
Qazlal
Ru
Sif Muna
Trog
Uskayaw
Vehumet
Wu Jian
Xom
Yredelemnul
Zin
The Shining One
Beogh
Jiyva
Lugonu


Innate Abilities, Weirdness & Mutations

You cannot wear most types of armour.
You are very stealthy in the water. (Stealth+)
You are amphibious.
You can wear up to eight rings at the same time.
You can use your tentacles to constrict eight enemies at once.
Your skin changes colour to match your surroundings (Stealth+).
Your rubbery body absorbs attacks. (AC +1, EV +1)


Message History

Your Transmutations skill gained 2 levels and is now at level 11!
You have reached level 6!
Your experience leads to an increase in your attributes!
Your base attributes are Str 10, Int 15, Dex 13.
Increase (S)trength, (I)ntelligence, or (D)exterity?
You feel stronger.
You hit the sky beast. You slash the sky beast! You squeeze the sky beast!
The sky beast is almost dead.
The sky beast hits you but does no damage.
You slash the sky beast!
You kill the sky beast!
Sif Muna accepts your kill.
Your Unarmed Combat skill increases to level 8!
You hit the phantom but do no damage. Your squeeze misses the phantom.
The phantom hits you!
* * * LOW HITPOINT WARNING * * *
You slash the phantom!
The phantom is heavily damaged.
The phantom hits you!
You die...

▓+▓
▓.▓
▓.▓
▓y▓
▓s▓
▓S▓
▓W▓
▓@▓
▓.▓
▓.▓
▓[▓
▓[▓
▓[▓
▓)▓
▓|▓
▓.▓


You could see a phantom, a hornet, a water moccasin and a scorpion.

Vanquished Creatures
  A hippogriff (D)
  2 sky beasts (D)
  A scorpion (D)
  An ooze (D)
  An adder skeleton (D)
  An orc (D)
  A bat (D)
  A hobgoblin (D)
  A jackal (D)
  A frilled lizard (D)
  A kobold (D)
12 creatures vanquished.

Notes
Turn   | Place    | Note
-------+----------+-------------------------------------------
     0 | D        | HASTUR3 the Octopode Transmuter began the quest for the
                  | Orb.
     0 | D        | Reached XP level 1. HP: 13/13 MP: 3/3
    22 | D        | Reached XP level 2. HP: 3/18 MP: 1/5
    23 | D        | Reached skill level 5 in Unarmed Combat
   262 | D        | Noticed a sky beast
   262 | D        | Noticed a scorpion
   267 | D        | Killed a scorpion
   267 | D        | Reached skill level 6 in Transmutations
   267 | D        | Reached XP level 3. HP: 23/23 MP: 6/6
   269 | D        | Reached XP level 4. HP: 28/28 MP: 7/7
   275 | D        | Killed a sky beast
   275 | D        | Reached skill level 9 in Transmutations
   275 | D        | Reached XP level 5. HP: 23/33 MP: 8/8
   326 | D        | Found a roughly hewn altar of Beogh.
   326 | D        | Found a snail-covered altar of Cheibriados.
   326 | D        | Found a shadowy altar of Dithmenos.
   326 | D        | Found a white marble altar of Elyvilon.
   326 | D        | Found a blossoming altar of Fedhas.
   326 | D        | Found an opulent altar of Gozag.
   327 | D        | Found a hazy altar of Hepliaklqana.
   328 | D        | Found a viscous altar of Jiyva.
   329 | D        | Found an ancient bone altar of Kikubaaqudgha.
   330 | D        | Found a corrupted altar of Lugonu.
   331 | D        | Found a burning altar of Makhleb.
   332 | D        | Found a sparkling altar of Nemelex Xobeh.
   333 | D        | Found an iron altar of Okawaru.
   334 | D        | Found a stormy altar of Qazlal.
   335 | D        | Found a sacrificial altar of Ru.
   336 | D        | Found a deep blue altar of Sif Muna.
   337 | D        | Found a bloodstained altar of Trog.
   338 | D        | Found a hide-covered altar of Uskayaw.
   339 | D        | Found a radiant altar of Vehumet.
   340 | D        | Found an ornate altar of the Wu Jian Council.
   341 | D        | Found a shimmering altar of Xom.
   342 | D        | Found a basalt altar of Yredelemnul.
   343 | D        | Found a glowing silver altar of Zin.
   344 | D        | Became a worshipper of Sif Muna the Loreminder
   527 | D        | Found a glowing golden altar of the Shining One.
   559 | D        | Learned a level 5 spell: Blade Hands
   560 | D        | Noticed a hornet
   560 | D        | Noticed a water moccasin
   560 | D        | Noticed a phantom
   560 | D        | Noticed a sky beast
   560 | D        | Noticed a hippogriff
   565 | D        | Killed a hippogriff
   565 | D        | Reached * piety under Sif Muna
   565 | D        | Reached skill level 11 in Transmutations
   565 | D        | Reached XP level 6. HP: 16/38 MP: 3/9
   567 | D        | Killed a sky beast
   569 | D        | Slain by a phantom

Skill      XL: |  1  2  3  4  5  6 |
---------------+-------------------+-----
Unarmed Combat | 4 5 7 8 |  8.7
Transmutations | 6 9 11 | 11.7
Fighting       | |  1.0
Dodging        | |  2.0
Spellcasting   | |  2.2

Action                   |  1- 3 |  4- 6 || total
-------------------------+-------+-------++-------
Melee: Unarmed           |    21 |    15 ||    36
       Constrict         |     5 |     1 ||     6
       Kick              |     1 |       ||     1
       Tentacles         |     2 |     3 ||     5
       Punch             |       |     1 ||     1
 Cast: Beastly Appendage |     2 |       ||     2
       Blade Hands       |       |     1 ||     1
  Use: Potion            |     1 |       ||     1
 Stab: Sleeping          |     1 |     1 ||     2
Armor: Skin              |     2 |     1 ||     3
Dodge: Dodged            |     9 |     5 ||    14
